cohdb
Replays
Latest Replays
All Replays
Popular Replays
Top Player Replays
Match Explorer
How It Works
Community
CoH3 Stats
Reddit
Sign in to upload your games and track your stats! →
Sign in with Steam
Match 41542147
Unlisted
Match 41542147
Overview
Messages
Build Orders
End
Construct Section Command Post
Selects Australian Defense Battlegroup
Selects Australian Light Infantry Section
Dingo Light Scout Car
Australian Light Infantry Section
Vickers Machine Gun Team
Infantry Section
Australian Light Infantry Section
Construct Platoon Command Post
Selects CMP 15cwt Supply Run
kex1710
Agua de Jamaica
Dremel
Nefris
Kong
王大锤565727926
0
0
Comments
sign in to comment!
No comments posted yet!